 Dungeon Crawl Stone Soup version 0.19-a0-1260-gc94d3f7 (webtiles) character file.

241 TheGoonsmith the Slasher (level 5, -5/38 HPs)
             Began as a Demonspawn Gladiator on Aug 28, 2016.
             Killed by nerve-wracking pain
             ... invoked by Grinder
              (8 damage)
             ... on level 3 of the Dungeon.
             The game lasted 00:05:03 (2566 turns).

TheGoonsmith the Slasher (Demonspawn Gladiator)     Turns: 2566, Time: 00:05:04

Health: -5/38      AC:  5    Str: 14 (15) XL:     5   Next: 80%
Magic:  5/5        EV: 12    Int:  8 (9)  God:
Gold:   166        SH:  0    Dex: 13 (15) Spells: 0 memorised, 4 levels left

rFire  . . .     SeeInvis .     a - +0 long sword
rCold  . . .     Gourm    .     b - +0 leather armour
rNeg   . . .     Faith    .     (no shield)
rPois  .         Spirit   .     c - +0 helmet
rElec  .         Dismiss  .     (no cloak)
rCorr  .         Reflect  .     (no gloves)
MR     .....     Harm     .     (no boots)
Stlth  +.........               (no amulet)
                                t - +1 ring of protection
                                (no ring)

@: no status effects
A: hooves 2, powered by pain 1
a: no special abilities


You were on level 3 of the Dungeon.
You were hungry.

You visited 1 branch of the dungeon, and saw 3 of its levels.

You collected 166 gold pieces.

Inventory:

Hand Weapons
 a - a +0 long sword (weapon)
Missiles
 i - 9 poisoned needles
 j - 21 sling bullets
 k - 17 arrows
 n - 67 stones (quivered)
 r - 28 bolts
Armour
 b - a +0 leather armour (worn)
 c - a +0 helmet (worn)
Jewellery
 h - an uncursed ring of ice
 t - a +1 ring of protection (right hand)
Scrolls
 e - a scroll of recharging {unknown}
 g - a scroll of identify {unknown}
 l - a scroll of remove curse {unknown}
 p - a scroll of teleportation {unknown}
 v - a scroll of noise {unknown}
Potions
 m - 3 potions of cure mutation
Comestibles
 f - 2 bread rations
 o - a beef jerky
 w - 2 royal jellies


   Skills:
 + Level 2.0 Fighting
 - Level 6.0 Long Blades
 - Level 1.7 Throwing
 - Level 2.6 Dodging


You had 4 spell levels left.
You didn't know any spells.

Dungeon Overview and Level Annotations

Branches:
Dungeon (3/15)

Altars:
Kikubaaqudgha

Annotations:
D:2 Sigmund
D:3 Grinder


Innate Abilities, Weirdness & Mutations

You have hoof-like feet.
You sometimes gain a little power by taking damage.


Message History

Grinder closely misses you.
You riposte.
You hit Grinder but do no damage.
Grinder is lightly wounded.
You hit Grinder but do no damage. Your kick misses Grinder.
Grinder is lightly wounded.
Grinder closely misses you.
You riposte.
You hit Grinder.
Grinder is lightly wounded.
A hobgoblin comes into view. It is wielding a club.
Okay, then.
The hobgoblin shouts!
You hit Grinder but do no damage.
Grinder is lightly wounded.
Grinder gestures at you. You resist with significant effort.
Grinder says, "Are you a fish?" Grinder completely misses you.
You hit Grinder but do no damage. Your kick misses Grinder.
Grinder is lightly wounded.
Grinder gestures at you. Pain shoots through your body!
You die...

..............#.#.g####.##......
##.#.#...##........####..# ..#.#
..#..........#.#....###.# ....
##########.....##รท# .. #.#.#
.........#.# #.#......
###########.# #....#.#.
#.#####.#.[...
#######)...........#
#.5@.g).............
#.#####............. #.#
#............. #.#
#............. #.#
#......#.####.
####.#####......#..# #.
#.......##########)# #.
...........# #.# #. ...........#
#.###.


You could see Grinder and a hobgoblin.

Vanquished Creatures
  2 orc priests
  3 gnolls (D:3)
  9 adders
  2 worms
  2 dart slugs
  A giant gecko (D:3)
  2 orcs (D:3)
  5 giant cockroaches
  8 goblins
  10 hobgoblins
  3 jackals (D:2)
  A ball python (D:1)
  2 bats
  6 kobolds
  10 rats
66 creatures vanquished.

Notes
Turn   | Place    | Note
-------+----------+-------------------------------------------
     0 | D:1      | TheGoonsmith the Demonspawn Gladiator began the quest for the Orb.
     0 | D:1      | Reached XP level 1. HP: 16/16 MP: 1/1
    81 | D:1      | Reached skill level 3 in Long Blades
   298 | D:1      | Gained mutation: You sometimes gain a little power by taking damage. [demonic ancestry]
   298 | D:1      | Reached XP level 2. HP: 20/22 MP: 2/2
   958 | D:2      | Noticed Sigmund
  1021 | D:2      | Gained mutation: You have large cloven feet. [demonic ancestry]
  1021 | D:2      | Reached XP level 3. HP: 24/27 MP: 3/3
  1105 | D:2      | Reached skill level 4 in Long Blades
  1327 | D:2      | Gained mutation: You have hoof-like feet. [demonic ancestry]
  1327 | D:2      | Reached XP level 4. HP: 6/33 MP: 4/4
  1626 | D:3      | Found an ancient bone altar of Kikubaaqudgha.
  1635 | D:3      | Reached skill level 5 in Long Blades
  1762 | D:3      | Reached XP level 5. HP: 24/38 MP: 5/5
  1916 | D:3      | Found a faded altar of an unknown god.
  2466 | D:3      | Reached skill level 6 in Long Blades
  2522 | D:3      | Noticed Grinder
  2523 | D:3      | Paralysed by Grinder for 6 turns
  2530 | D:3      | HP: 1/38 [Grinder/nerve-wracking pain (9)]
  2536 | D:3      | Paralysed by Grinder for 3 turns
  2566 | D:3      | Killed from afar by Grinder

Vault maps used:
D:1:      nagdon_arrival_double_spiral
D:2:      gammafunk_temple_overflow_forgotten, st_stairs_8, uniq_sigmund
D:3:      kiku_gazebo_garden_becter, first_bread, serial_glass, glass_columns_a,
          glass_columns_b, glass_columns_a, glass_columns_a, glass_columns_c,
          glass_columns_a, glass_columns_a, glass_columns_b, ecumenical_altar_2,
          kennysheep_okawaru_gauntlet, uniq_grinder

Skill      XL: |  1  2  3  4  5 |
---------------+----------------+-----
Long Blades    | 3 4 5 6 |  6.0
Fighting       | |  2.0
Throwing       | |  1.7
Dodging        | |  2.6

Action                   |  1- 3 |  4- 6 || total
-------------------------+-------+-------++-------
Melee: Long sword        |   138 |   123 ||   261
       Kick              |    22 |    28 ||    50
Throw: Throwing net      |       |     3 ||     3
  Use: Potion            |       |     7 ||     7
 Stab: Sleeping          |     1 |       ||     1
  Eat: Chunk             |     1 |     4 ||     5
Armor: Leather armour    |    29 |    18 ||    47
Dodge: Dodged            |    61 |    77 ||   138
